 Dungeon Crawl Stone Soup version 0.31-a0-981-geadf994542 (webtiles) character file.

Game seed: 12358644345960948756

1626 mattiecakes the Mimic (level 9, -10/85 HPs)
             Began as a Djinni Shapeshifter on Nov 2, 2023.
             Was a Follower of Okawaru.
             Mangled by a boulder beetle (15 damage)
             ... on level 7 of the Dungeon.
             The game lasted 00:20:25 (5836 turns).

mattiecakes the Mimic (Djinni Shapeshifter)         Turns: 5836, Time: 00:20:26

Health: -10/85     AC: 24    Str: 17    XL:     9   Next: 17%
Gold:   363        EV:  2    Int: 12    God:    Okawaru [*.....] SH:  0 Dex: 19

rFire   . .          .
                       - Unarmed
rCold   + . .        (no shield)
rNeg    . . .        b - melded +3 scale mail {rC+}
rPois   ∞            (helmet currently unavailable)
rElec   .            (cloak currently unavailable)
rCorr   .            (gloves currently unavailable)
SInv    .            (boots unavailable)
Will    .....        (no amulet)
Stlth   ++           j - +6 ring of dexterity
HPRegen 0.34/turn    l - ring of protection from cold
MPRegen 0.00/turn

%: infuse magic (-11 HP)
@: tree-form (expiring)
A: stationary, stasis, torment immunity, boosted hp, sickness immunity, (fire
resistance 2), (cold vulnerability 1), float, innate caster, HP casting, extra
vitality 1, (horns 1), sense surroundings 1
a: Renounce Religion, Heroism


You were on level 7 of the Dungeon.
You worshipped Okawaru.
Okawaru was aware of your devotion.
You were a tree.
You visited 2 branches of the dungeon, and saw 8 of its levels.

You collected 363 gold pieces.

Inventory:

Missiles
 m - 3 throwing nets
Armour
 b - a +3 scale mail of cold resistance (melded)
 i - a +0 helmet
 v - a +0 helmet
 w - an orb of mayhem
Jewellery
 j - a +6 ring of dexterity (left branch)
 l - a ring of protection from cold (right branch)
 n - an amulet of reflection
Talismans
 c - a beast talisman (active)
 d - a flux talisman
Wands
 s - a wand of paralysis (5)
Scrolls
 a - 2 scrolls of enchant weapon
 f - 2 scrolls of immolation
 g - 5 scrolls of teleportation
 h - 2 scrolls of amnesia
 k - 7 scrolls of identify
 o - a scroll of noise
 p - a scroll of torment
 q - a scroll of vulnerability
 r - a scroll of poison {unknown}
Potions
 e - 7 potions of brilliance
 u - 2 potions of enlightenment


   Skills:
 - Level 1.0 Fighting
 - Level 2.1 Dodging
 - Level 6.5 Unarmed Combat
 + Level 8.3 Shapeshifting


You knew the following spells:

 Your Spells              Type           Power      Damage    Failure   Level
a - Apportation           Tloc           0%         N/A       32%         1
b - Blink                 Tloc           0%         N/A       45%         2
c - Tukima's Dance        Hex            0%         N/A       69%         3
d - Flame Wave            Conj/Fire      0%         2d4       97%         4
Your spell library was empty.

Dungeon Overview and Level Annotations

Branches:
Dungeon (7/15)             Temple (1/1) D:6

Altars:
Ashenzari
Cheibriados
Dithmenos
Elyvilon
Fedhas
Gozag
Makhleb
Nemelex Xobeh
Okawaru
Ru
Trog
Yredelemnul
Zin
The Shining One


Innate Abilities, Weirdness & Mutations

You are a tree.
Your roots penetrate the ground, keeping you stationary.
You cannot be teleported.
You are immune to unholy pain and torment.
Your maximum health is greatly increased.
Your equipment is partially melded.
You are immune to sickness and miasma.
You are immune to poison.
((Your flesh is very heat resistant. (rF++)))
((You are vulnerable to cold. (rC-)))
You float through the air rather than walking.
You learn spells naturally, not from books.
Your magical power is your life essence.
You have superior vitality. (+4 MHP)
((You have a pair of small horns on your head.))
You passively map a small area around you.


Message History

You hit the boulder beetle.
The boulder beetle is moderately wounded.
The boulder beetle hits you!
* * * LOW HITPOINT WARNING * * *
The boulder beetle stops rolling and uncurls.
You hit the boulder beetle but do no damage.
The boulder beetle is moderately wounded.
The boulder beetle bites you but does no damage.
You hit the boulder beetle but do no damage.
The boulder beetle is moderately wounded.
The boulder beetle bites you.
* * * LOW HITPOINT WARNING * * *
You hit the boulder beetle but do no damage.
You punch the boulder beetle, but do no damage.
The boulder beetle is moderately wounded.
The boulder beetle bites you but does no damage.
You hit the boulder beetle but do no damage.
The boulder beetle is lightly wounded.
The boulder beetle bites you but does no damage.
You hit the boulder beetle but do no damage.
The boulder beetle is lightly wounded.
You smack the boulder beetle!
The boulder beetle is moderately wounded.
The boulder beetle bites you.
* * * LOW HITPOINT WARNING * * *
You smack the boulder beetle!
The boulder beetle is heavily wounded.
Your transformation is almost over.
The boulder beetle bites you.
* * * LOW HITPOINT WARNING * * *
Okay, then.
Okay, then.
Unknown command.
You hit the boulder beetle but do no damage.
The boulder beetle is heavily wounded.
The boulder beetle bites you but does no damage.
You hit the boulder beetle but do no damage.
The boulder beetle is heavily wounded.
The boulder beetle bites you!
You die...

*#### ** ..# ########
, #.#####......#
.#.####<.........#.#
......>..#.#.#...#.###
...##.#.)..#.(.#.....#
#..#.#..##........# #.
#.#...#.#......# , #.
#.##.....B♣....#
..............#####
...#####...##### * , *
#.### , , #.# , #.# ,
[.# , * #.* * * ,


You could see a boulder beetle.

Vanquished Creatures
  Jeremiah (D:7)
  A water moccasin (D:6)
  An ice beast (D:6)
  A centaur (D:6)
  An ogre (D:5)
  A black bear (D:6)
  A phantom (D:5)
  A kobold brigand (D:4)
  A bullfrog (D:6)
  4 hounds
  A jelly (D:6)
  3 sleepcaps
  3 orc wizards
  3 iguanas
  Terence (D:2)
  7 gnolls
  11 adders
  A shadow imp (D:6)
  A white imp (D:6)
  A worm (D:2)
  2 dart slugs (D:3)
  17 orcs
  11 endoplasms
  5 giant cockroaches
  4 hobgoblins
  11 jackals
  A quokka (D:3)
  5 ball pythons
  6 bats
  2 frilled lizards
  7 goblins
  3 kobolds
  A rat (D:3)
120 creatures vanquished.

Notes
Turn   | Place    | Note
-------+----------+-------------------------------------------
     0 | D:1      | mattiecakes the Djinni Shapeshifter began the quest for the
                  | Orb.
     0 | D:1      | Reached XP level 1. HP: 17/17 MP: 0/0
    93 | D:1      | Reached XP level 2. HP: 14/22 MP: 0/0
   285 | D:1      | Reached skill level 3 in Shapeshifting
   734 | D:2      | Reached XP level 3. HP: 23/27 MP: 0/0
   734 | D:2      | Learned a level 1 spell: Apportation
   792 | D:2      | Noticed Terence
   803 | D:2      | Killed Terence
   804 | D:2      | Reached XP level 4. HP: 9/32 MP: 0/0
  1461 | D:2      | Reached XP level 5. HP: 37/37 MP: 0/0
  1461 | D:2      | Learned a level 2 spell: Blink
  1974 | D:3      | Identified the +1 robe of Gallantry {Slay+3}
  2059 | D:3      | Identified the +5 leather armour of the Ward {rPois rN+++
                  | Str-4 Stlth-}
  2502 | D:4      | Reached skill level 4 in Shapeshifting
  2725 | D:4      | Noticed a kobold brigand
  2742 | D:4      | Killed a kobold brigand
  2743 | D:4      | Reached skill level 5 in Unarmed Combat
  2743 | D:4      | Reached XP level 6. HP: 17/42 MP: 0/0
  3583 | D:4      | Reached XP level 7. HP: 5/47 MP: 0/0
  3583 | D:4      | Learned a level 3 spell: Tukima's Dance
  3586 | D:4      | HP: 2/70 [orc/+0 mace (4)]
  3987 | D:5      | Entered Level 5 of the Dungeon
  4004 | D:5      | Found a snail-covered altar of Cheibriados.
  4088 | D:5      | Reached skill level 5 in Shapeshifting
  4204 | D:5      | HP: 1/47 [ogre/+0 giant club (12)]
  4571 | D:5      | Found a bloodstained altar of Trog.
  4820 | D:6      | Reached XP level 8. HP: 46/52 MP: 0/0
  4894 | D:6      | Gained mutation: You have a pair of small horns on your
                  | head. [potion of mutation]
  4894 | D:6      | Gained mutation: You passively map a small area around you.
                  | [potion of mutation]
  4903 | D:6      | Reached skill level 6 in Shapeshifting
  5234 | D:6      | Reached skill level 7 in Shapeshifting
  5353 | D:6      | Found a staircase to the Ecumenical Temple.
  5374 | Temple   | Entered the Ecumenical Temple
  5425 | Temple   | Became a worshipper of Warmaster Okawaru
  5753 | D:7      | Noticed Jeremiah
  5761 | D:7      | Killed Jeremiah
  5761 | D:7      | Reached * piety under Okawaru
  5762 | D:7      | Reached skill level 8 in Shapeshifting
  5762 | D:7      | Reached XP level 9. HP: 47/57 MP: 0/0
  5762 | D:7      | Learned a level 4 spell: Flame Wave
  5799 | D:7      | Noticed a boulder beetle
  5834 | D:7      | HP: 4/85 [boulder beetle (6)]
  5836 | D:7      | Mangled by a boulder beetle

Illustrated notes

Levels and vault maps discovered:
D:1:      moated_graveyard_arrival, layout_rooms
D:2:      layout_loops_ring, basic_altar, uniq_terence
D:3:      layout_basic, interstate_on_off, nrook_campfire,
          nicolae_kite_square_tiling_tiny, minmay_bisected
D:4:      layout_gridville
D:5:      layout_rooms, lemuel_tele_altar, mainiacjoe_overflow_alcove_1
D:6:      layout_basic, nicolae_vehumet_altar_sigil,
          minmay_temple_entry_crystal_x, kennysheep_nub
D:7:      layout_rooms, mainiacjoe_overflow_24_doors, serial_shops, shop, shop,
          minmay_misc_feat_square, uniq_crazy_yiuf_cottage, uniq_jeremiah
Temple:   nicolae_temple_superstar

Skill      XL: |  1  2  3  4  5  6  7  8 |
---------------+-------------------------+-----
Shapeshifting  | 3 4 5 8 |  8.3
Unarmed Combat | 4 5 6 |  6.5
Fighting       | |  1.0
Dodging        | |  2.1

Action                     |  1- 3 |  4- 6 |  7- 9 || total
---------------------------+-------+-------+-------++-------
  Melee: Unarmed           |    62 |   203 |   221 ||   486
         Punch             |     1 |     3 |     7 ||    11
         Headbutt          |       |       |    25 ||    25
    Use: Potion            |     1 |     5 |     4 ||    10
         Scroll            |       |     8 |     4 ||    12
   Stab: Sleeping          |     1 |       |       ||     1
 Armour: Animal skin       |    32 |       |       ||    32
         Skin              |     2 |     9 |    31 ||    42
         Scale mail        |       |   173 |   142 ||   315
  Dodge: Dodged            |    33 |   120 |   103 ||   256
   Form: Beast             |       |     2 |     1 ||     3
                           |       |     1 |     1 ||     2

Table legend: (Time is in decaauts)
 A = Elapsed time spent in this place.
 B = Non-inter-level travel time spent in this place.
 C = Inter-level travel time spent in this place.
 D = Time resting spent in this place.
 E = Time spent auto-exploring this place.
 F = Levels seen in this place.
 G = Mean time per level.
                   A        B        C        D        E       F      G
               +--------+--------+--------+--------+--------+-----+--------+
         Total |   5787 |   5699 |     88 |   1415 |   3223 |   8 |  723.4 |
       Dungeon |   5709 |   5621 |     88 |   1415 |   3185 |   7 |  815.6 |
        Temple |     77 |     77 |      0 |      0 |     38 |   1 |   77.0 |
               +--------+--------+--------+--------+--------+-----+--------+

Top non-repeatable levels by time:
     D:4: 1571 daAuts
     D:2: 1125 daAuts
     D:6: 875 daAuts
     D:5: 791 daAuts
     D:3: 718 daAuts
     D:1: 548 daAuts
     D:7: 78 daAuts
  Temple: 77 daAuts
